 Dungeon Crawl Stone Soup version 0.13.1-2-gfb2c2b7 (webtiles) character file.

360 Lilouch the Skirmisher (level 5, -1/40 HPs)
             Began as a Demonspawn Chaos Knight on Dec 9, 2013.
             Was a Plaything of Xom.
             Slain by an orc
             ... wielding a +2,+0 orcish morningstar
              (4 damage)
             ... on Level 3 of the Dungeon.
             The game lasted 00:07:56 (2652 turns).

Lilouch the Skirmisher (Demonspawn Chaos Knight)    Turns: 2652, Time: 00:07:58

HP  -1/40        AC  8     Str 13      XL: 5   Next: 95%
MP   5/5         EV 10     Int 13      God: Xom
Gold 100         SH  0     Dex 13      Spells:  0 memorised,  4 levels left

Res.Fire  : . . .   See Invis. : .   y - +2,+0 scythe (slay drac)
Res.Cold  : + . .   Warding    : .   b - +2 leather armour
Life Prot.: . . .   Conserve   : .   (no shield)
Res.Poison: .       Res.Corr.  : .   C - +1 wizard hat
Res.Elec. : .       Clarity    : +   w - +1 elf cloak
Sust.Abil.: . .     Spirit.Shd : .   (no gloves)
Res.Mut.  : .       Stasis     : .   (boots unavailable)
Res.Rott. : .       Flight     : .   m - amulet of clarity {unknown}
Saprovore : . . .                    (no ring)
                                     k - ring of protection from cold

@: slightly resistant to hostile enchantments, very unstealthy
A: hooves 3
a: Renounce Religion


You were on level 3 of the Dungeon.
You worshipped Xom.
You were a plaything of Xom.
You were not hungry.

You visited 1 branch of the dungeon, and saw 3 of its levels.

You collected 80 gold pieces.

Inventory:

Hand weapons
 a - a +0,+0 spear of chaos {=f}
 q - a +0,+0 spear
 s - a +0 blowgun
 v - a +1,+1 whip of venom
 y - a +2,+0 scythe of dragon slaying (weapon)
Missiles
 i - a throwing net (quivered)
 o - 9 exploding darts
 t - 17 bolts
Armour
 b - a +2 leather armour (worn)
 w - a +1 elven cloak (worn)
 C - a +1 wizard hat (worn)
Comestibles
 c - a bread ration
 d - 2 meat rations
 f - 2 chunks of goblin flesh
 D - a chunk of rat flesh
Scrolls
 e - a scroll of identify
 h - a scroll of enchant armour {unknown}
 n - a scroll of remove curse
 p - a scroll of curse jewellery {unknown}
 r - a scroll of curse weapon {unknown}
 u - a scroll of fear {unknown}
 x - a scroll of magic mapping {unknown}
 B - a scroll of teleportation {unknown}
Jewellery
 k - a ring of protection from cold (left hand)
 l - an uncursed ring of fire
 m - an amulet of clarity (around neck) {unknown}
Potions
 g - a potion of speed {unknown}
 j - a potion of might {unknown}
 z - a potion of restore abilities {unknown}
 A - 2 potions of curing {unknown}


   Skills:
 + Level 4.4 Fighting
 + Level 4.1 Polearms
 + Level 3.6 Armour
 - Level 0.8 Dodging


You had 4 spell levels left.
You didn't know any spells.

Dungeon Overview and Level Annotations

Branches:
Dungeon (3/27)

Altars:


Innate Abilities, Weirdness & Mutations

You have hooves in place of feet.


Message History

Lilouch's ghost is heavily damaged.
The orc closely misses you. Lilouch's ghost hits you.
Lilouch's ghost hits you but does no damage.
The orc misses you.
You slash Lilouch's ghost! You kick Lilouch's ghost!
Lilouch's ghost is almost destroyed.
Lilouch's ghost hits you!
* * * LOW HITPOINT WARNING * * *
The orc hits you with an orcish morningstar!
* * * LOW HITPOINT WARNING * * *
Lilouch's ghost hits you.
* * * LOW HITPOINT WARNING * * *
You are too injured to fight recklessly!
You hit Lilouch's ghost.
You destroy Lilouch's ghost!
Your Polearms skill increases to level 4!
The orc hits you but does no damage.
The orc hits you with an orcish morningstar.
You die... "I guess I need a new plaything now."

♣##....#..
♣♣........#
...........#
...........#
...........#
............#
.......%.##.#
.........##.#########
........##@#........
).......##o#........
P.########.#.........
####'#.........
#..............
#..........####
#..........#
#...[......#
#########.#######


You could see an orc.

Vanquished Creatures
  The ghost of Lilouch the Poker, an average DsCK of Xom (D:3)
  Ijyb (D:3)
  3 adders (D:2)
  2 worms (D:2)
  2 oozes (D:1)
  A bat skeleton (D:3)
  9 hobgoblins
  2 jackals (D:1)
  2 kobolds
  A ball python (D:2)
  4 bats
  3 giant cockroaches
  5 giant geckos
  2 giant newts (D:2)
  9 goblins
  4 rats
51 creatures vanquished.

Vanquished Creatures (collateral kills)
  Sigmund (D:2)
  A worker ant (D:2)
  2 gnolls (D:2)
  A giant gecko (D:2)
5 creatures vanquished.

Grand Total: 56 creatures vanquished

Notes
Turn   | Place    | Note
--------------------------------------------------------------
     0 | D:1      | Lilouch, the Demonspawn Chaos Knight, began the quest for the Orb.
     0 | D:1      | Reached XP level 1. HP: 16/16 MP: 1/1
    98 | D:1      | Gained mutation: You have large cloven feet. [demonic ancestry]
    98 | D:1      | Reached XP level 2. HP: 19/22 MP: 2/2
   504 | D:1      | XOM: divination: detect creatures
   815 | D:2      | Reached XP level 3. HP: 11/28 MP: 3/3
  1440 | D:2      | Gained mutation: You have hoof-like feet. [demonic ancestry]
  1440 | D:2      | Reached XP level 4. HP: 9/34 MP: 4/4
  1731 | D:2      | XOM: noise
  1799 | D:2      | Noticed Sigmund
  1800 | D:2      | XOM: confuse monster(s)
  1809 | D:2      | Killed Sigmund
  1809 | D:2      | Reached skill level 4 in Fighting
  1985 | D:2      | Gained mutation: You have hooves in place of feet. [demonic ancestry]
  1985 | D:2      | Reached XP level 5. HP: 40/40 MP: 5/5
  2050 | D:2      | XOM: harmless Pois miscast
  2138 | D:2      | XOM: scenery: 2 doors open
  2274 | D:2      | XOM: noise
  2416 | D:2      | XOM: vitrification
  2487 | D:3      | Noticed Ijyb
  2497 | D:3      | XOM: polymorph adder -> goblin
  2508 | D:3      | Killed Ijyb
  2638 | D:3      | Noticed Lilouch's ghost (average DsCK)
  2652 | D:3      | Killed Lilouch's ghost
  2652 | D:3      | Slain by an orc

Action                   |  1- 3 |  4- 6 || total
-------------------------+-------+-------++-------
Melee: Spear             |   102 |    10 ||   112
       Scythe            |       |    67 ||    67
  Use: Scroll            |       |     4 ||     4
